 Dungeon Crawl Stone Soup version 0.28.0-43-g3370ac3207 (webtiles) character file.

Game seed: 16846294664391886086

21545 safid the Severer (level 12, -21/112 HPs)
             Began as a Hill Orc Fighter on Mar 29, 2022.
             Was an Elder of Beogh.
             Demolished by a minotaur
             ... wielding the +5 trident "Sair" {pain, rF+}
              (31 damage)
             ... in a Gauntlet.
             The game lasted 00:37:50 (17865 turns).

safid the Severer (Hill Orc Fighter)               Turns: 17865, Time: 00:37:51

Health: -21/112    AC: 16    Str: 24    XL:     12   Next: 91%
Magic:  21/21      EV:  7    Int:  8    God:    Beogh [****..]
Gold:   622        SH:  0    Dex: 10    Spells: 11/11 levels left

rFire   . . .      SeeInvis .   a - +0 war axe
rCold   + . .      Faith    .   c - +0 buckler
rNeg    . . .      Spirit   .   D - +0 plate armour
rPois   +          Reflect  +   (no helmet)
rElec   .          Harm     .   (no cloak)
rCorr   .          Rampage  .   u - +0 pair of gloves
Will    .....      NoTele   +   (no boots)
Stlth   ..........              v - amulet of reflection
HPRegen 0.28/turn               p - ring of poison resistance
MPRegen 0.17/turn               i - ring of protection from cold

@: confused, mighty, ambrosia-drunk, hasted, very quick
A: no striking features
a: Renounce Religion, Smiting, Recall Orcish Followers


You were in a Gauntlet.
You worshipped Beogh.
Beogh was greatly pleased with you.
You visited 2 branches of the dungeon, and saw 14 of its levels.
You also visited: Gauntlet.

You collected 712 gold pieces.
You spent 90 gold pieces at shops.

Inventory:

Hand Weapons
 a - a +0 war axe (weapon)
 I - the +4 dagger of Akkos {freeze, +Blink Int+3}
   (You took it off a centaur on level 9 of the Dungeon)

   It freezes those it strikes, dealing additional cold damage.
   It can also slow down cold-blooded creatures.
   Int:       It affects your intelligence (+3).
   +Blink:    It lets you blink.
Missiles
 e - 3 silver javelins
 y - 17 javelins
 z - 2 throwing nets (quivered)
Armour
 c - a +0 buckler (worn)
 u - a +0 pair of gloves (worn)
 D - a +0 plate armour (worn)
Jewellery
 i - a ring of protection from cold (right hand)
 p - a ring of poison resistance (left hand)
 v - an amulet of reflection (around neck)
Wands
 b - a wand of flame (31)
 h - a wand of polymorph (15)
 J - a wand of iceblast (5)
Scrolls
 f - 7 scrolls of teleportation
 j - a scroll of holy word
 k - 6 scrolls of blinking
 l - 2 scrolls of enchant weapon
 q - 3 scrolls of magic mapping
 t - a scroll of summoning {unknown}
 B - 2 scrolls of amnesia {unknown}
 C - a scroll of immolation {unknown}
 K - a scroll of fear {unknown}
 L - a scroll of enchant armour {unknown}
Potions
 d - a potion of might
 g - a potion of lignification {unknown}
 s - 4 potions of magic
 w - 2 potions of curing
 x - 3 potions of ambrosia
 E - a potion of berserk rage {unknown}
 F - a potion of flight {unknown}
 H - 2 potions of brilliance {unknown}
Miscellaneous
 o - a tin of tremorstones (2/2)


   Skills:
 + Level 12.2 Fighting
 - Level 16.0 Axes
 + Level 11.8 Armour
 - Level 4.0 Shields
 + Level 12.5 Invocations


You had 11 spell levels left.
You didn't know any spells.
Your spell library contained the following spells:

 Spells                   Type           Power      Damage    Failure   Level
 Animate Skeleton         Necr           0%         N/A       99%         1
 Apportation              Tloc           0%         N/A       99%         1
 Freeze                   Ice            0%         1d3       99%         1
 Summon Small Mammal      Summ           0%         N/A       99%         1
 Blink                    Tloc           0%         N/A       100%        2
 Ensorcelled Hibernation  Hex/Ice        0%         N/A       100%        2
 Passwall                 Tmut/Erth      0%         N/A       100%        2
 Static Discharge         Conj/Air       0%         N/A       100%        2
 Call Canine Familiar     Summ           0%         N/A       100%        3
 Frozen Ramparts          Ice            0%         1d2       100%        3
 Ozocubu's Armour         Ice            0%         N/A       100%        3
 Summon Guardian Golem    Hex/Summ       0%         N/A       100%        3
 Swiftness                Air            0%         N/A       100%        3
 Dispel Undead            Necr           0%         3d6       100%        4
 Hailstorm                Conj/Ice       0%         3d3       100%        4
 Passage of Golubria      Tloc           0%         N/A       100%        4
 Sticky Flame             Conj/Fire      0%         2d3       100%        4
 Manifold Assault         Tloc           0%         N/A       100%        5
 Silence                  Hex/Air        0%         N/A       100%        5
 Ozocubu's Refrigeration  Ice            0%         4d5       100%        7
 Storm Form               Tmut/Air       0%         N/A       100%        7
 Lehudib's Crystal Spear  Conj/Erth      0%         10d2      100%        8


Dungeon Overview and Level Annotations

Branches:
Dungeon (10/15)            Temple (0/1) D:6            Lair (4/6) D:9
 Shoals (0/4) Lair:2       Spider (0/4) Lair:4          Orc (0/2) D:10
Gauntlet (1/1)

Altars:
Ashenzari
Cheibriados
Dithmenos
Elyvilon
Gozag
Hepliaklqana
Makhleb
Okawaru
Ru
Sif Muna
Xom
Zin
The Shining One
Beogh

Shops:
D:6 =

Annotations:
D:6 1 runed translucent door, Crazy Yiuf
D:7 2 transporters, exclusions: ice statue and oklob plant, mortz's ghost, novice TeCj Gauntlet 8 transporters, 1 runed translucent door


Message History

The minotaur hits you with the +5 trident "Sair" {pain, rF+}!!
You block the minotaur's attack.
You hit the minotaur but do no damage.
The minotaur is lightly wounded.
The minotaur hits you with the +5 trident "Sair" {pain, rF+}!
You writhe in agony!
The minotaur gores you but does no damage.
Okay, then.
You feel yourself speed up.
The minotaur hits you with the +5 trident "Sair" {pain, rF+}!
* * * LOW HITPOINT WARNING * * *
You writhe in agony.
* * * LOW HITPOINT WARNING * * *
The minotaur barely misses you.
You feel better.
You barely miss the minotaur.
The minotaur furiously retaliates!
The minotaur headbutts you, but does no damage.
The minotaur is lightly wounded.
You block the minotaur's attack. The minotaur gores you.
* * * LOW HITPOINT WARNING * * *
Unknown command.
You hit the minotaur.
The minotaur is lightly wounded.
You slash the minotaur!
The minotaur is moderately wounded.
You block the minotaur's attack. The minotaur gores you!
* * * LOW HITPOINT WARNING * * *
You hit the minotaur.
The minotaur is heavily wounded.
You hit the minotaur but do no damage.
The minotaur is heavily wounded.
The minotaur hits you with the +5 trident "Sair" {pain, rF+}!
* * * LOW HITPOINT WARNING * * *
You writhe in agony!
* * * LOW HITPOINT WARNING * * *
The minotaur gores you but does no damage.
You are confused.
You feel invigorated.
The minotaur hits you with the +5 trident "Sair" {pain, rF+}!!
You die...

##### ≈≈≈≈ ≈∩≈ ...
##.### ....
#######H#######
#.....@.......#
#.###.###.###.#
#.###.###.###.#
#.............#
###.###.###.###
#####.###.###.#####
#.................
#.♣.♣.©.©.©.©.♣.♣.#
.................


You could see a minotaur.

Vanquished Creatures
  An orange crystal statue (Gauntlet)
  A necromancer (Gauntlet)
  3 elephants
  3 merfolk sirens (Lair:2)
  A smoke demon (Gauntlet)
  Joseph (D:8)
  An unseen horror (D:9)
  A komodo dragon (Lair:3)
  A troll (D:9)
  A hornet (D:9)
  Grinder (D:5)
  A slime creature (D:6)
  Sigmund (D:6)
  A vampire (D:9)
  3 wyverns
  10 yaks
  A basilisk (Lair:2)
  Menkaure (D:4)
  A steam dragon (D:8)
  An acid dragon (D:9)
  8 water moccasins
  3 orc warriors
  A black bear (D:6)
  2 ogres
  5 wolves
  2 centaurs
  2 necrophages (D:5)
  4 kobold brigands
  A wyvern zombie (D:6)
  4 bullfrogs
  A scorpion (D:5)
  A water moccasin zombie (D:6)
  2 wyvern skeletons (D:7)
  2 water moccasin skeletons (D:5)
  7 wights
  10 killer bees (Lair:2)
  2 howler monkeys
  5 crimson imps
  4 centaur zombies
  5 hounds
  2 bullfrog skeletons
  An orc priest (D:9)
  A centaur skeleton (D:4)
  2 gnoll shamans
  8 jellies
  An iguana (D:7)
  3 orc wizards
  A howler monkey zombie (D:8)
  9 gnolls
  A howler monkey skeleton (D:5)
  3 adders
  2 shadow imps
  A white imp (D:7)
  An ufetubus (D:6)
  4 worms
  3 dart slugs
  16 orcs
  4 bats
  21 endoplasms
  2 giant cockroaches
  4 goblins
  8 hobgoblins
  10 jackals
  22 kobolds
  4 quokkas
  2 frilled lizards
  A goblin zombie (D:8)
  A hobgoblin zombie (D:8)
  A kobold skeleton (D:8)
  A kobold zombie (D:8)
  2 orc zombies (D:8)
  7 rats
255 creatures vanquished.

Vanquished Creatures (collateral kills)
  2 two-headed ogres (D:10)
  Urug (Lair:1)
  A deep elf pyromancer (D:10)
  4 cane toads
  13 elephants
  An unseen horror (D:10)
  A gargoyle (D:10)
  A centaur zombie (D:10)
  A rime drake (Lair:2)
  Maggie (Lair:2)
  3 komodo dragons
  A merfolk (Lair:2)
  A queen bee (Lair:2)
  A polar bear (Lair:3)
  A wyvern (Lair:2)
  6 yaks
  3 basilisks (Lair:2)
  A steam dragon (Lair:2)
  6 water moccasins
  An orc warrior (D:10)
  9 wolves
  A centaur (D:9)
  A bullfrog (Lair:3)
  15 killer bees (Lair:2)
  An orc priest (D:10)
  An orc wizard (D:10)
  A river rat (Lair:2)
  2 kobolds (D:9)
  A fungus (D:9)
82 creatures vanquished.

Vanquished Creatures (others)
  2 orc wizards (Lair:2)
  A killer bee (Lair:2)
  2 orc priests
  4 orcs
  16 fungi
  53 plants
78 creatures vanquished.

Grand Total: 415 creatures vanquished

Notes
Turn   | Place    | Note
-------+----------+-------------------------------------------
     0 | D:1      | safid the Hill Orc Fighter began the quest for the Orb.
     0 | D:1      | Reached XP level 1. HP: 19/19 MP: 1/1
    55 | D:1      | Reached skill level 3 in Axes
    55 | D:1      | Reached XP level 2. HP: 13/27 MP: 2/2
   453 | D:1      | Reached XP level 3. HP: 28/33 MP: 3/3
   979 | D:2      | Found a burning altar of Makhleb.
   994 | D:2      | Reached XP level 4. HP: 39/40 MP: 4/4
   999 | D:2      | Reached skill level 4 in Axes
  1498 | D:3      | Became a worshipper of Beogh the Brigand
  1616 | D:3      | Reached skill level 5 in Axes
  1685 | D:3      | Found a shimmering altar of Xom.
  1685 | D:3      | Found a burning altar of Makhleb.
  1703 | D:3      | Reached XP level 5. HP: 20/46 MP: 5/5
  2088 | D:3      | Found a faded altar of an unknown god.
  2131 | D:4      | Noticed Menkaure
  2144 | D:4      | Reached skill level 6 in Axes
  2144 | D:4      | Killed Menkaure
  2145 | D:4      | Reached skill level 7 in Axes
  2145 | D:4      | Reached XP level 6. HP: 12/52 MP: 6/6
  2546 | D:4      | Reached skill level 8 in Axes
  2979 | D:5      | Entered Level 5 of the Dungeon
  3007 | D:5      | Reached XP level 7. HP: 56/59 MP: 7/7
  3053 | D:5      | Reached skill level 9 in Axes
  3243 | D:5      | Reached skill level 10 in Axes
  3449 | D:5      | Reached skill level 11 in Axes
  3449 | D:5      | Reached XP level 8. HP: 60/66 MP: 8/8
  3498 | D:5      | Noticed Grinder
  3509 | D:5      | Paralysed by Grinder for 3 turns
  3521 | D:5      | Paralysed by Grinder for 3 turns
  3533 | D:5      | HP: 3/66 [Grinder (4)]
  3535 | D:5      | Killed Grinder
  3893 | D:5      | Reached skill level 12 in Axes
  4499 | D:6      | Reached skill level 13 in Axes
  4588 | D:6      | Reached * piety under Beogh
  4632 | D:6      | Found a staircase to the Ecumenical Temple.
  4652 | D:6      | Reached XP level 9. HP: 11/71 MP: 9/9
  5085 | D:6      | Found a runed translucent door.
  5086 | D:6      | Noticed Crazy Yiuf
  5117 | D:6      | Reached skill level 14 in Axes
  5169 | D:6      | Found Cofyegha's Jewellery Shop.
  5255 | D:6      | Noticed Sigmund
  5264 | D:6      | Killed Sigmund
  5383 | D:6      | Reached skill level 15 in Axes
  5557 | D:6      | Found a broken altar of Ashenzari.
  6031 | D:7      | Found a transporter.
  6031 | D:7      | Found a transporter.
  6357 | D:6      | Reached skill level 16 in Axes
  6427 | D:7      | Reached ** piety under Beogh
  6523 | D:6      | Reached skill level 5 in Fighting
  6755 | D:7      | Reached skill level 5 in Armour
  6850 | D:7      | Noticed mortz's ghost (novice TeCj)
  6852 | D:7      | Noticed an ice statue
  6909 | D:7      | Noticed an oklob plant
  6913 | D:7      | Noticed a komodo dragon
  6914 | D:7      | Noticed a two-headed ogre
  7196 | D:8      | Reached XP level 10. HP: 69/82 MP: 10/10
  7344 | D:8      | Noticed Joseph
  7354 | D:8      | Killed Joseph
  7984 | D:8      | Found a glowing golden altar of the Shining One.
  7986 | D:8      | Reached *** piety under Beogh
  8033 | D:8      | Found an iron altar of Okawaru.
  8034 | D:8      | Found a white marble altar of Elyvilon.
  8034 | D:8      | Found an opulent altar of Gozag.
  8036 | D:8      | Found a snail-covered altar of Cheibriados.
  8698 | D:9      | Identified the +4 great sword of Wibitiot {vamp, Stlth+}
  8945 | D:9      | Found a staircase to the Lair.
  9055 | D:9      | Identified the +4 dagger of Akkos {freeze, +Blink Int+3}
  9500 | D:9      | Found a hazy altar of Hepliaklqana.
  9503 | D:9      | Found a shadowy altar of Dithmenos.
  9520 | D:9      | Killed an unseen horror
  9900 | D:10     | Entered Level 10 of the Dungeon
  9900 | D:10     | Noticed a gargoyle
  9900 | D:10     | Found a shimmering blue altar of Sif Muna.
  9910 | D:10     | Killed a gargoyle
  9911 | D:10     | Reached skill level 1 in Invocations
  9963 | D:10     | Gained Warbeogh as an ally
 10335 | D:10     | Noticed a deep elf pyromancer
 10344 | D:10     | Killed a deep elf pyromancer
 10345 | D:10     | Reached XP level 11. HP: 73/97 MP: 13/13
 10509 | D:10     | Found a staircase to the Orcish Mines.
 10513 | D:10     | Found a roughly hewn altar of Beogh.
 10749 | D:10     | Noticed a two-headed ogre
 10757 | D:10     | Killed a two-headed ogre
 10859 | D:10     | Noticed a two-headed ogre
 10866 | D:10     | Killed a two-headed ogre
 10867 | D:10     | Reached skill level 5 in Invocations
 11084 | D:10     | Found Zin's Purification Station.
 11089 | D:10     | Found a glowing silver altar of Zin.
 11092 | D:10     | Bought a potion of curing for 90 gold pieces
 11143 | D:10     | Found a sacrificial altar of Ru.
 11652 | Lair:1   | Entered Level 1 of the Lair of Beasts
 11822 | Lair:1   | Noticed Urug
 11835 | Lair:1   | Killed Urug
 12112 | Lair:1   | Reached skill level 10 in Fighting
 12545 | Lair:1   | Reached **** piety under Beogh
 13167 | Lair:2   | Gained Syrus as an ally
 13202 | Lair:2   | Found a staircase to the Shoals.
 13213 | Lair:2   | Reached skill level 10 in Armour
 13538 | Lair:2   | Gained Morguth as an ally
 13596 | Lair:2   | Reached skill level 10 in Invocations
 13625 | Lair:2   | Reached XP level 12. HP: 25/106 MP: 19/19
 14613 | Lair:2   | Noticed Maggie
 14621 | Lair:2   | Killed Maggie
 15208 | Lair:3   | Reached ***** piety under Beogh
 16055 | Lair:3   | Your ally Syrus died
 16658 | Lair:4   | Found a gate leading to a gauntlet.
 16673 | Gauntlet | Entered a Gauntlet
 16673 | Gauntlet | Found a transporter.
 16768 | Gauntlet | Found a transporter.
 16770 | Gauntlet | Found a transporter.
 16781 | Gauntlet | Found a transporter.
 16784 | Gauntlet | Found a transporter.
 16806 | Gauntlet | Found a transporter.
 16813 | Gauntlet | Found a transporter.
 16824 | Gauntlet | Found a transporter.
 16827 | Gauntlet | Noticed a blizzard demon
 16831 | Gauntlet | Found a runed translucent door.
 16832 | Gauntlet | Noticed a ghost crab
 16834 | Gauntlet | Found a transporter.
 16853 | Gauntlet | Found a transporter.
 16867 | Gauntlet | Found a transporter.
 16867 | Gauntlet | Found a transporter.
 16913 | Gauntlet | Found a runed translucent door.
 16916 | Gauntlet | Found a transporter.
 16930 | Gauntlet | Found a transporter.
 17736 | Gauntlet | Identified the -5 helmet of Objectivity {Int+8}
 17848 | Gauntlet | Found the ring of Shadows {Umbra +Inv Stlth+}
 17848 | Gauntlet | Identified the +5 trident "Sair" {pain, rF+}
 17848 | Gauntlet | Noticed a minotaur
 17865 | Gauntlet | Demolished by a minotaur

Illustrated notes

Levels and vault maps discovered:
D:1:      enne_arrival_octagon_isle, layout_basic, minmay_unequal
D:2:      layout_basic, basic_altar, hex_tiny
D:3:      layout_rooms, grunt_temple_overflow_champion_of_chaos,
          dilly_ecumenical_altar_fadedgnrine
D:4:      layout_cave_pools, uniq_menkaure
D:5:      layout_cave_pods, uniq_grinder
D:6:      layout_cave_pools, kennysheep_little_box, temple_fountains,
          serial_shops, shop_fountains, kennysheep_flooded_box, uniq_sigmund,
          uniq_crazy_yiuf_cottage
D:7:      lemuel_slime, layout_rooms, nzn_ghost_randoct
D:8:      layout_basic, nicolae_tso_besieged_by_evil,
          grunt_temple_overflow_open, lemuel_flame_loot_1, uniq_joseph
D:9:      layout_irregular_city, riverfiend_overflow_shadow_ancestor,
          dpeg_oklobed_lair
D:10:     layout_rooms, mainiacjoe_overflow_concentric_impassable,
          nicolae_sif_muna_condensation, zin_purify,
          minmay_orc_entry_temple_small, minmay_misc_feat_enclosed
Lair:1:   layout_regular_city, uniq_urug
Lair:2:   regret_index_tunnel_blossom, layout_regular_city,
          elwin_shoals_entry_stream, uniq_maggie
Lair:3:   layout_regular_city, nicolae_lair_lil_pond,
          nicolae_lair_grazing_beasts [nicolae_sub_lair_graze_edge,
          nicolae_sub_lair_graze_edge, nicolae_sub_lair_graze_edge,
          nicolae_sub_lair_graze_edge]
Lair:4:   layout_gridlike, nicolae_spider_entry_tight_spaces, basic_altar,
          gauntlet_entry_generic, infiniplex_staircase_pool_2
Gauntlet: minmay_gauntlet_77_tree [minmay_gauntlet_arena_77_block_sizes,
          minmay_gauntlet_arena_77_mess, minmay_gauntlet_arena_77_two_paths,
          minmay_gauntlet_arena_77_braids, minmay_gauntlet_arena_77_cramped,
          minmay_gauntlet_arena_77_terracotta_army,
          minmay_gauntlet_arena_77_radiant_squares, gauntlet_exit_watery]

Skill      XL: |  1  2  3  4  5  6  7  8  9 10 11 12 |
---------------+-------------------------------------+-----
Axes           | 3 5 7 8 11 13 16 | 16.0
Fighting       | 4 5 9 10 12 | 12.2
Armour         | 4 5 8 10 11 | 11.8
Shields        | 4 |  4.0
Invocations    | 3 10 12 | 12.5

Action                   |  1- 3 |  4- 6 |  7- 9 | 10-12 || total
-------------------------+-------+-------+-------+-------++-------
Melee: War axe           |    80 |   113 |   304 |   564 ||  1061
Throw: Throwing net      |       |     1 |     1 |     2 ||     4
       Javelin           |       |       |    12 |     2 ||    14
Invok: Convert to Beogh  |       |     1 |       |       ||     1
       Smiting           |       |       |       |     6 ||     6
       Recall Orcish Fol |       |       |       |     5 ||     5
       Give Item to Name |       |       |       |     1 ||     1
  Use: Scroll            |       |       |     6 |     7 ||    13
       Potion            |       |       |       |    12 ||    12
 Stab: Distracted        |       |       |       |     8 ||     8
       Confused          |       |       |       |     3 ||     3
Armor: Scale mail        |    45 |    58 |    64 |       ||   167
       Plate armour      |       |       |    37 |   338 ||   375
       Chain mail        |       |       |    25 |       ||    25
Dodge: Dodged            |    40 |    61 |    93 |   156 ||   350
Block: Buckler           |    24 |    28 |    48 |   131 ||   231
